 Dungeon Crawl Stone Soup version 0.28-a0-10-g964c8b829e (webtiles) character file.

Game seed: 5729004138281777454

104 Gwenloh the Cudgeller (level 4, -3/42 HPs)
             Began as a Troll Warper on July 25, 2021.
             Was an Initiate of Dithmenos.
             Slain by MoonlitKnight's ghost (7 damage)
             ... while paralysed by a gnoll
             ... on level 3 of the Dungeon.
             The game lasted 00:07:12 (2461 turns).

Gwenloh the Cudgeller (Troll Warper)                Turns: 2461, Time: 00:07:13

Health: -3/42      AC:  5    Str: 19    XL:     4   Next: 52%
Magic:  4/4        EV:  1    Int:  9    God:    Dithmenos [......]
Gold:   119        SH:  0    Dex: 10    Spells: 3/5 levels left

rFire   . . .      SeeInvis .   n - +1 flail (holy)
rCold   . . .      Faith    .   (no shield)
rNeg    . . .      Spirit   .   b - +0 robe
rPois   +          Reflect  .   (helmet restricted)
rElec   .          Harm     .   q - +0 cloak
rCorr   .          Rampage  .   (gloves unavailable)
Will    .....                   (boots unavailable)
Stlth   +.........              (no amulet)
HPRegen 1.14/turn               i - ring of poison resistance
MPRegen 0.09/turn               (no ring)

@: paralysed
A: large, unfitting armour, claws 3, regeneration 1, shaggy fur 1, tough skin 1
a: Renounce Religion


You were on level 3 of the Dungeon.
You worshipped Dithmenos.
Dithmenos was noncommittal.
You visited 1 branch of the dungeon, and saw 3 of its levels.

You collected 119 gold pieces.

Inventory:

Hand Weapons
 a - a +0 mace
 n - a +1 flail of holy wrath (weapon)
Missiles
 d - 4 boomerangs of dispersal
 e - 65 stones (quivered)
Armour
 b - a +0 robe (worn)
 q - a +0 cloak (worn)
Jewellery
 i - a ring of poison resistance (left claw)
Scrolls
 c - a scroll of blinking
 f - 3 scrolls of identify {unknown}
 j - a scroll of enchant weapon {unknown}
 k - 2 scrolls of enchant armour {unknown}
 r - a scroll of fear {unknown}
Potions
 g - 2 potions of attraction {unknown}
 h - a potion of berserk rage {unknown}
 l - a potion of ambrosia {unknown}
 m - a potion of haste {unknown}
 o - 2 potions of lignification {unknown}
 p - a potion of degeneration {unknown}


   Skills:
 + Level 2.2 Fighting
 * Level 3.0 Maces & Flails
 * Level 1.8 Throwing
 + Level 2.4 Dodging
 - Level 1.2 Spellcasting
 * Level 2.3 Translocations


You had 3 spell levels left.
You knew the following spells:

 Your Spells              Type           Power      Damage    Failure   Level
a - Blink                 Tloc           N/A        N/A       22%         2

Your spell library contained the following spells:

 Spells                   Type           Power      Damage    Failure   Level
 Gell's Gravitas          Tloc           2%         N/A       38%         3
 Lesser Beckoning         Tloc           2%         N/A       38%         3
 Teleport Other           Tloc           4%         N/A       38%         3
 Slow                     Hex            0%         N/A       50%         2
 Confusing Touch          Hex            0%         N/A       73%         3
 Vampiric Draining        Necr           0%         2d6       73%         3
 Manifold Assault         Tloc           4%         N/A       98%         5


Dungeon Overview and Level Annotations

Branches:
Dungeon (3/15)

Altars:
Dithmenos
Vehumet
The Shining One

Annotations:
D:3 1 transporter, 1 runed translucent door, Crazy Yiuf; MoonlitKnight's ghost, amateur MiFi


Innate Abilities, Weirdness & Mutations

You are too large for most types of armour.
You have claws for hands.
Your natural rate of healing is unusually fast.
You are covered in fur. (AC +1)
You have tough skin. (AC +1)


Message History

Throw: 65 stones
Press: ? - help, Q - select action, (/) - cycle Shift-Dir - straight line, f - Crazy Yiuf
Aim: Crazy Yiuf, wielding a +2 quarterstaff of chaos and wearing a +0 cloak (fire blocked by a runed translucent door, 60% to hit)
Okay, then.
Could not explore, unopened runed door.
Okay, then.
Okay, then.
You aren't carrying any items that you can evoke.
Could not explore, unopened runed door.
The gnoll shouts!
The gnoll shouts!
The gnoll shouts!
You hear a shout! x2
There is a transporter here.
You enter the transporter and appear at another place.
MoonlitKnight's ghost turns its malevolent gaze towards you.
There is an open translucent door here.
You completely miss the gnoll. The gnoll hits you with a +0 flail.
The gnoll shouts!
You hit the gnoll.
The gnoll is moderately wounded.
The gnoll hits you from afar with a +0 spear!
The gnoll hits you but does no damage.
You sock the gnoll!
You kill the gnoll!
Dithmenos accepts your kill.
The gnoll zaps a wand.
You suddenly lose the ability to move!
The gnoll hits you from afar with a +0 spear.
The gnoll hits you but does no damage.
MoonlitKnight's ghost hits you but does no damage.
The gnoll hits you but does no damage. MoonlitKnight's ghost hits you.
The gnoll hits you from afar with a +2 spear of pain!
The gnoll hits you from afar with a +0 spear.
MoonlitKnight's ghost hits you!
* * * LOW HITPOINT WARNING * * *
The gnoll hits you from afar with a +2 spear of pain!
* * * LOW HITPOINT WARNING * * *
The gnoll hits you but does no damage. MoonlitKnight's ghost hits you!
You die...

#..##.≈≈#.#.#.###.©.###.#g#.#≈≈.#
#..##.≈≈#...###.#####g###...#≈≈..
#..#..≈≈###...............###≈≈.#
...#..≈≈.8#.######'######.#8.≈≈.#
......≈≈.##.#.⌠.#.g8# #.##.≈≈.#
....#.≈≈.#..'.....©⌠# '.g#.≈≈.#
##....≈≈.##.#.⌠.#..8# #.##.≈≈.#
#....≈≈.8#.######g######.#8.≈≈.#
#..#.≈≈###...g.@W.g......###≈≈.#
#....≈≈#...###©#####.###..W#≈≈.#
#....≈≈#.#.#.###.©.###.#g#g#≈≈..
#..#.≈≈#####...........#####≈≈..
#..#.≈≈≈≈≈≈≈≈≈≈≈≈≈≈≈≈≈≈≈≈≈≈≈≈≈..
#....≈≈≈≈≈≈≈≈≈≈≈≈≈≈≈≈≈≈≈≈≈≈≈≈≈..
##.##............................
.....#......#..##...........#.##.
##.#.##...........[...........##.


You could see MoonlitKnight's ghost and 3 gnolls.

Vanquished Creatures
  3 adders
  A gnoll (D:3)
  A worm (D:3)
  2 dart slugs (D:1)
  2 orcs
  5 endoplasms
  A giant cockroach (D:3)
  5 goblins
  4 hobgoblins
  6 jackals
  3 kobolds
  2 quokkas (D:1)
  6 ball pythons
  9 bats
  6 rats
56 creatures vanquished.

Vanquished Creatures (others)
  6 plants (D:3)
6 creatures vanquished.

Grand Total: 62 creatures vanquished

Notes
Turn   | Place    | Note
-------+----------+-------------------------------------------
     0 | D:1      | Gwenloh the Troll Warper began the quest for the Orb.
     0 | D:1      | Reached XP level 1. HP: 19/19 MP: 1/1
    85 | D:1      | Reached skill level 2 in Maces & Flails
   159 | D:1      | Reached XP level 2. HP: 28/28 MP: 2/2
   400 | D:1      | Reached skill level 1 in Throwing
   966 | D:2      | Reached XP level 3. HP: 34/35 MP: 3/3
   982 | D:2      | Learned a level 2 spell: Blink
  1145 | D:2      | Found a faded altar of an unknown god.
  1153 | D:2      | Became a worshipper of Vehumet
  1153 | D:2      | Reached * piety under Vehumet
  1153 | D:2      | Offered knowledge of Freeze by Vehumet.
  1154 | D:2      | Fell from the grace of Vehumet
  1283 | D:2      | Found a shadowy altar of Dithmenos.
  1292 | D:2      | Became a worshipper of Dithmenos the Shadowed
  1754 | D:3      | Reached XP level 4. HP: 41/42 MP: 4/4
  1807 | D:3      | Found a glowing golden altar of the Shining One.
  1982 | D:3      | Found a transporter.
  2153 | D:3      | Noticed MoonlitKnight's ghost (amateur MiFi)
  2179 | D:3      | Found a transporter.
  2225 | D:3      | Reached skill level 3 in Maces & Flails
  2390 | D:3      | Found a runed translucent door.
  2391 | D:3      | Noticed Crazy Yiuf
  2456 | D:3      | Paralysed by a gnoll for 6 turns
  2461 | D:3      | Slain by MoonlitKnight's ghost

Illustrated notes

Levels and vault maps discovered:
D:1:      dpeg_arrival_lava_temple_mockup, layout_basic
D:2:      layout_loops_ring, basic_altar, shapermc_ecumenical_altar_totnotflames
D:3:      layout_loops_ring, mainiacjoe_overflow_alcove_1,
          gammafunk_ghost_gnarly_gnolls, grunt_ministairs_1,
          uniq_crazy_yiuf_cottage

Skill      XL: |  1  2  3  4 |
---------------+-------------+-----
Maces & Flails | 2 3 |  3.0
Dodging        | 2 |  2.4
Throwing       | 1 |  1.8
Fighting       | 2 |  2.2
Spellcasting   | |  1.2
Translocations | |  2.3

Action                   |  1- 3 |  4- 6 || total
-------------------------+-------+-------++-------
Melee: Mace              |   106 |       ||   106
       Flail             |    24 |    44 ||    68
Throw: Stone             |   108 |    48 ||   156
       Boomerang         |     1 |       ||     1
Invok: Renounce Religion |     1 |       ||     1
Armor: Robe              |    51 |    38 ||    89
Dodge: Dodged            |    89 |    32 ||   121

Table legend: (Time is in decaauts)
 A = Elapsed time spent in this place.
 B = Non-inter-level travel time spent in this place.
 C = Inter-level travel time spent in this place.
 D = Time resting spent in this place.
 E = Time spent auto-exploring this place.
 F = Levels seen in this place.
 G = Mean time per level.
                   A        B        C        D        E       F      G
               +--------+--------+--------+--------+--------+-----+--------+
         Total |   2511 |   2391 |    120 |      0 |   1835 |   3 |  837.0 |
       Dungeon |   2511 |   2391 |    120 |      0 |   1835 |   3 |  837.0 |
               +--------+--------+--------+--------+--------+-----+--------+

Top non-repeatable levels by time:
     D:1: 934 daAuts
     D:3: 849 daAuts
     D:2: 727 daAuts
